 Dungeon Crawl Stone Soup version 0.31.0-12-g77e489cdc1 (webtiles) character file.

Game seed: 12578873405438322030

35502 ssalbiz the Slicer (level 13, -3/101 HPs)
             Began as a Gnoll Conjurer on Feb 24, 2024.
             Was a High Priest of Vehumet.
             Slain by a minotaur
             ... wielding a +3 mace of venom
              (23 damage)
             ... in a Gauntlet.
             The game lasted 01:10:26 (24263 turns).

ssalbiz the Slicer (Gnoll Conjurer)                Turns: 24263, Time: 01:10:27

Health: -3/101     AC: 12    Str:  9    XL:     13   Next: 84%
Magic:  1/27       EV: 15    Int: 23    God:    Vehumet [*****.]
Gold:   515        SH:  5    Dex: 11    Spells: 8/32 levels left

rFire   + . .        H - +2 scimitar (freeze)
rCold   + . .        (no shield)
rNeg    . . .        e - +0 robe {rF+}
rPois   .            S - +0 helmet of Midwinter {Will++ Str+3}
rElec   .            p - +0 cloak
rCorr   .            o - +0 pair of gloves
SInv    .            q - +0 pair of boots
Will    ++...        a - amulet of reflection
Stlth   ++++         C - +4 ring of protection
HPRegen 0.36/turn    Q - ring of protection from cold
MPRegen 0.20/turn

%: no teleportation, reflection
@: studying Short Blades
A: fangs 1, strong nose, distributed training, screaming 1
a: Renounce Religion


You were in a Gauntlet.
You worshipped Vehumet.
Vehumet was extremely pleased with you.
You visited 4 branches of the dungeon, and saw 18 of its levels.
You also visited: Bailey and Gauntlet.

You collected 1724 gold pieces.
You spent 1209 gold pieces at shops.

Inventory:

Hand Weapons
 H - a +2 scimitar of freezing (weapon)
 J - a +1 scimitar of flaming
Missiles
 b - 6 silver javelins
 L - 3 curare-tipped darts (quivered)
Armour
 e - a +0 robe of fire resistance (worn)
 o - a +0 pair of gloves (worn)
 p - a +0 cloak (worn)
 q - a +0 pair of boots (worn)
 w - a +2 hat of stealth
 S - the +0 helmet of Midwinter (worn) {Will++ Str+3}
   (You found it in a Gauntlet)

   Str+3:     It affects your strength (+3).
   Will++:    It greatly increases your willpower.
Magical Staves
 l - a staff of cold
Jewellery
 a - an amulet of reflection (around neck)
 c - a ring of positive energy
 C - a +4 ring of protection (left hand)
 G - a ring of fire
 I - a ring of see invisible
 P - a ring of resist corrosion
 Q - a ring of protection from cold (right hand)
Wands
 k - a wand of digging (8)
 m - a wand of paralysis (2)
 s - a wand of flame (22)
 N - a wand of iceblast (14)
Scrolls
 f - a scroll of silence
 g - 4 scrolls of immolation
 i - 3 scrolls of amnesia {unknown}
 n - a scroll of poison {unknown}
 u - 2 scrolls of enchant weapon {unknown}
 x - 5 scrolls of enchant armour {unknown}
 y - 3 scrolls of teleportation {unknown}
 D - 3 scrolls of revelation {unknown}
 E - a scroll of blinking {unknown}
 K - a scroll of fog {unknown}
 R - a scroll of butterflies {unknown}
 T - a scroll of vulnerability {unknown}
 U - 4 scrolls of fear {unknown}
Potions
 d - 2 potions of mutation
 h - a potion of resistance
 r - a potion of heal wounds
 t - a potion of enlightenment
 v - 3 potions of lignification
 z - 2 potions of brilliance
 A - 2 potions of cancellation
 B - 3 potions of haste
 F - a potion of berserk rage
 M - 2 potions of might
 O - 2 potions of magic


   Skills:
 + Level 9.0 Fighting
 + Level 11.2 Short Blades
 + Level 9.0 Long Blades
 + Level 9.0 Axes
 + Level 9.0 Maces & Flails
 + Level 9.0 Polearms
 + Level 9.0 Staves
 + Level 9.0 Ranged Weapons
 + Level 9.0 Throwing
 + Level 9.0 Armour
 + Level 10.1 Dodging
 + Level 9.9 Stealth
 + Level 9.0 Shields
 + Level 9.0 Unarmed Combat
 + Level 10.3 Spellcasting
 + Level 10.3 Conjurations
 + Level 7.4 Hexes
 + Level 7.4 Summonings
 + Level 7.4 Necromancy
 + Level 7.4 Translocations
 + Level 7.4 Fire Magic
 + Level 7.4 Ice Magic
 + Level 7.4 Air Magic
 + Level 7.4 Earth Magic
 + Level 7.4 Alchemy
 + Level 9.8 Invocations
 + Level 9.0 Evocations
 + Level 8.2 Shapeshifting


You had 8 spell levels left.
You knew the following spells:

 Your Spells              Type           Power      Damage    Failure   Level
a - Magic Dart            Conj           100%       1d8       1%          1
b - Searing Ray           Conj           100%       2d8       1%          2
c - Iskenderun's Mystic   Conj/Tloc      52%        2d11      1%          4
d - Fulminant Prism       Conj/Alch      26%        3d14      1%          4
e - Mephitic Cloud        Conj/Alch/Air  50%        N/A       1%          3
f - Ozocubu's Armour      Ice            46%        N/A       1%          3
g - Freezing Cloud        Conj/Ice/Air   25%        6-21      1%          5
h - Momentum Strike       Conj/Tloc      100%       3d10      1%          2

Your spell library contained the following spells:

 Spells                   Type           Power      Damage    Failure   Level
 Arcjolt                  Conj/Air       26%        1d36      1%          5
 Blink                    Tloc           92%        N/A       1%          2
 Lesser Beckoning         Tloc           92%        N/A       1%          2
 Mercury Vapours          Alch/Air       92%        N/A       1%          2
 Fugue of the Fallen      Necr           46%        N/A       1%          3
 Tukima's Dance           Hex            46%        N/A       1%          3
 Yara's Violent Unravell  Hex/Alch       23%        3d10      1%          5
 Manifold Assault         Tloc           46%        N/A       2%          4
 Passage of Golubria      Tloc           46%        N/A       2%          4
 Sculpt Simulacrum        Ice/Alch       23%        N/A       36%         6
 Ozocubu's Refrigeration  Ice            23%        4d12      45%         7
 Polar Vortex             Ice            23%        12d3*     100%        9


Dungeon Overview and Level Annotations

Branches:
Dungeon (12/15)            Temple (1/1) D:4            Lair (3/5) D:10
  Swamp (0/4) Lair:2       Spider (0/4) Lair:2          Orc (2/2) D:10
 Bailey (visited)         Gauntlet (1/1)
    Elf: Orc:2

Altars:
Ashenzari
Cheibriados
Dithmenos
Elyvilon
Fedhas
Gozag
Hepliaklqana
Kikubaaqudgha
Makhleb
Nemelex Xobeh
Okawaru
Qazlal
Ru
Sif Muna
Trog
Uskayaw
Vehumet
Wu Jian
Xom
Yredelemnul
Zin
The Shining One

Shops:
D:1 [!=(   D:2 =

Annotations:
Gauntlet 6 transporters


Innate Abilities, Weirdness & Mutations

You have very sharp teeth.
Your uncanny sense of smell can sniff out nearby items.
Your experience applies equally to all skills.
You occasionally shout uncontrollably at your foes.


Message History

You feel sick.
You see here a curare-tipped dart.
L - 3 curare-tipped darts (gained 1)
You feel sick.
The minotaur is engulfed in freezing vapours.
Casting: Iskenderun's Mystic Blast (safe; 1% risk of failure)
Confirm with . or Enter, or press ? or * to list all spells.
Okay, then.
Unknown command.
Unknown command.
Aiming: Iceblast
Press: ? - help, Shift-Dir - straight line, f/p - minotaur
Aim: a minotaur, wielding a +3 mace of venom, wearing a +0 plate armour, wearing a +0 buckler, wearing a +4 ring of protection and quivering silver javelins (freezing vapour, severely wounded, very poisoned, slow)
The mass of ice explodes!
The iceblast engulfs the minotaur!
The minotaur is almost dead.
You feel sick.
The minotaur is engulfed in freezing vapours.
Unknown command.
Unknown command.
You barely miss the minotaur.
The minotaur furiously retaliates!
The minotaur headbutts you, but does no damage.
The minotaur blocks your attack.
The minotaur is almost dead.
You feel sick.
You completely miss the minotaur.
The minotaur furiously retaliates!
The minotaur headbutts you.
You bite the minotaur, but do no damage.
The minotaur is almost dead.
You feel sick.
The minotaur hits you with a +3 mace of venom!!
* * * LOW HITPOINT WARNING * * *
You are lethally poisoned!
The minotaur closely misses you.
Unknown command.
Unknown command.
You feel better.
The minotaur is no longer moving slowly.
The minotaur is engulfed in freezing vapours.
The minotaur hits you with a +3 mace of venom!!
You die...

#..#?. ######...#..#©.
#....##.8.#..#|#
#.##.##...#..#.^
#.##....8.#..#z# ##
###.##.##...#..#z. #§≈
#.#....##...#..###
#≈§§#§#.##.##.©.#≈....
#§§§H@'.##......#∩....
#≈≈.#.#.##.##.©.#≈....
#≈≈ #.#....##...#..###
## ###.##.##...#..#..
#.##....8.#..#..
#.##.##...#..#.#
#....##.8.#..#.#
#######...#..#©.
#≈8≈#..#.#


You could see a minotaur (poisoned).

Vanquished Creatures
  Gastronok (Lair:1)
  2 hydras (Lair:2)
  A catoblepas (Lair:1)
  Erica (D:9)
  An ogre mage (Orc:2)
  4 two-headed ogres
  3 orc high priests (Orc:2)
  Amaemon (Lair:2)
  A skyshark (Lair:2)
  A death drake (Gauntlet)
  2 lightning spires (Gauntlet)
  An orc sorcerer (Orc:2)
  A cyclops (Orc:2)
  An ugly thing (D:11)
  An elephant (D:10)
  A meliai (D:8)
  A black mamba (Lair:2)
  3 cane toads
  An orange demon (Lair:2)
  2 centaur zombies (Gauntlet)
  A rime drake (Lair:2)
  7 komodo dragons
  An unseen horror (D:11)
  Jeremiah (Lair:1)
  A troll (D:11)
  A polar bear (Lair:1)
  5 blink frogs (Lair:1)
  A hornet (Lair:1)
  A raiju (Gauntlet)
  3 jumping spiders (Lair:2)
  A vampire (D:11)
  4 wyverns
  A basilisk (D:10)
  31 yaks
  A neqoxec (Gauntlet)
  3 chaos spawn (Gauntlet)
  2 redbacks (Lair:2)
  2 vampire mosquitoes (D:10)
  10 wargs
  13 orc warriors
  A spectral hornet (Gauntlet)
  9 water moccasins
  2 sky beasts (D:8)
  An ice beast (D:7)
  3 black bears
  11 wolves (Lair:2)
  8 ogres
  A phantom (D:4)
  2 centaurs
  7 kobold brigands
  8 bullfrogs
  3 scorpions
  6 wights
  6 killer bees (D:9)
  10 howler monkeys
  An electric eel (Lair:1)
  A bombardier beetle (D:7)
  2 jellies
  6 hounds
  32 orc priests
  3 iguanas
  2 sleepcaps
  11 orc wizards
  6 hell rats (Lair:2)
  A gnoll (D:4)
  11 adders
  2 shadow imps
  A white imp (D:8)
  4 ufetubi (D:7)
  A ribbon worm (D:2)
  4 dart slugs
  77 orcs
  6 endoplasms
  3 giant cockroaches
  10 goblins
  6 hobgoblins
  8 jackals
  20 kobolds
  3 quokkas
  8 ball pythons
  2 bats (D:1)
  3 frilled lizards
  4 rats
436 creatures vanquished.

Vanquished Creatures (others)
  15 fulminant prisms
15 creatures vanquished.

Grand Total: 451 creatures vanquished

Notes
Turn   | Place    | Note
-------+----------+-------------------------------------------
     0 | D:1      | ssalbiz the Gnoll Conjurer began the quest for the Orb.
     0 | D:1      | Reached XP level 1. HP: 13/13 MP: 6/6
   117 | D:1      | Found Nynima's Distillery.
   197 | D:1      | Found Joanoduj's Weapon Shoppe.
   305 | D:1      | Found Meneadu's Jewellery Boutique.
   314 | D:1      | Reached XP level 2. HP: 19/19 MP: 3/7
   987 | D:1      | Found Nouxael's Armour Emporium.
  1157 | D:2      | Reached skill level 5 in Spellcasting
  1157 | D:2      | Reached XP level 3. HP: 25/25 MP: 0/9
  1385 | D:2      | Reached skill level 1 in Invocations
  1504 | D:2      | Reached skill level 1 in Fighting
  1504 | D:2      | Reached skill level 1 in Short Blades
  1504 | D:2      | Reached skill level 1 in Long Blades
  1504 | D:2      | Reached skill level 1 in Axes
  1504 | D:2      | Reached skill level 1 in Maces & Flails
  1504 | D:2      | Reached skill level 1 in Polearms
  1504 | D:2      | Reached skill level 1 in Staves
  1504 | D:2      | Reached skill level 1 in Ranged Weapons
  1504 | D:2      | Reached skill level 1 in Throwing
  1504 | D:2      | Reached skill level 1 in Armour
  1504 | D:2      | Reached skill level 1 in Shields
  1504 | D:2      | Reached skill level 1 in Unarmed Combat
  1504 | D:2      | Reached skill level 1 in Evocations
  1690 | D:2      | Reached skill level 1 in Shapeshifting
  1690 | D:2      | Reached XP level 4. HP: 32/32 MP: 6/11
  1730 | D:2      | Learned a level 2 spell: Searing Ray
  1735 | D:2      | Learned a level 4 spell: Iskenderun's Mystic Blast
  1744 | D:2      | Learned a level 4 spell: Fulminant Prism
  1948 | D:2      | Found Nudis's Jewellery Shoppe.
  1954 | D:2      | Reached skill level 1 in Hexes
  1954 | D:2      | Reached skill level 1 in Summonings
  1954 | D:2      | Reached skill level 1 in Necromancy
  1954 | D:2      | Reached skill level 1 in Translocations
  1954 | D:2      | Reached skill level 1 in Fire Magic
  1954 | D:2      | Reached skill level 1 in Ice Magic
  1954 | D:2      | Reached skill level 1 in Air Magic
  1954 | D:2      | Reached skill level 1 in Earth Magic
  1954 | D:2      | Reached skill level 1 in Alchemy
  2376 | D:3      | Reached XP level 5. HP: 37/37 MP: 6/12
  2801 | D:3      | Found a faded altar of an unknown god.
  3883 | D:4      | Noticed a phantom
  3893 | D:4      | Killed a phantom
  3894 | D:4      | Reached skill level 2 in Short Blades
  3894 | D:4      | Reached skill level 5 in Dodging
  3894 | D:4      | Reached XP level 6. HP: 41/44 MP: 1/14
  4045 | D:4      | Found a staircase to the Ecumenical Temple.
  4424 | D:5      | Entered Level 5 of the Dungeon
  4915 | D:5      | Reached XP level 7. HP: 50/50 MP: 9/15
  5310 | D:5      | Identified the +2 robe of Fortitude {-Cast rElec rPois
                  | SInv}
  5324 | D:5      | Reached skill level 5 in Stealth
  5775 | D:6      | Reached skill level 3 in Short Blades
  5775 | D:6      | Reached XP level 8. HP: 58/58 MP: 11/16
  6254 | D:6      | Found a glowing golden altar of the Shining One.
  6309 | D:6      | Found a blossoming altar of Fedhas.
  7337 | D:7      | Reached XP level 9. HP: 65/65 MP: 10/18
  7501 | D:7      | Reached skill level 4 in Short Blades
  8466 | D:8      | Reached skill level 5 in Invocations
  8504 | D:8      | Noticed a meliai
  8512 | D:8      | Killed a meliai
  8881 | Temple   | Entered the Ecumenical Temple
  8896 | Temple   | Became a worshipper of Vehumet
  9099 | D:8      | Learned a level 3 spell: Mephitic Cloud
  9164 | D:9      | Noticed a two-headed ogre
  9177 | D:9      | Reached skill level 5 in Fighting
  9177 | D:9      | Reached skill level 5 in Short Blades
  9177 | D:9      | Reached skill level 5 in Long Blades
  9177 | D:9      | Reached skill level 5 in Axes
  9177 | D:9      | Reached skill level 5 in Maces & Flails
  9177 | D:9      | Reached skill level 5 in Polearms
  9177 | D:9      | Reached skill level 5 in Staves
  9177 | D:9      | Reached skill level 5 in Ranged Weapons
  9177 | D:9      | Reached skill level 5 in Throwing
  9177 | D:9      | Reached skill level 5 in Armour
  9177 | D:9      | Reached skill level 5 in Shields
  9177 | D:9      | Reached skill level 5 in Unarmed Combat
  9177 | D:9      | Reached skill level 5 in Evocations
  9177 | D:9      | Reached XP level 10. HP: 16/74 MP: 15/20
  9199 | D:9      | Killed a two-headed ogre
  9549 | D:9      | Reached skill level 5 in Shapeshifting
  9798 | D:9      | Found a basalt altar of Yredelemnul.
 10402 | D:8      | Learned a level 3 spell: Ozocubu's Armour
 10408 | D:8      | Learned a level 5 spell: Freezing Cloud
 10470 | D:9      | Found a glowing silver altar of Zin.
 10831 | D:9      | Reached * piety under Vehumet
 10831 | D:9      | Offered knowledge of Shock by Vehumet.
 11486 | D:9      | Noticed Erica
 11506 | D:9      | Killed Erica
 11507 | D:9      | Reached skill level 6 in Short Blades
 11627 | D:9      | Reached skill level 5 in Hexes
 11627 | D:9      | Reached skill level 5 in Summonings
 11627 | D:9      | Reached skill level 5 in Necromancy
 11627 | D:9      | Reached skill level 5 in Translocations
 11627 | D:9      | Reached skill level 5 in Fire Magic
 11627 | D:9      | Reached skill level 5 in Ice Magic
 11627 | D:9      | Reached skill level 5 in Air Magic
 11627 | D:9      | Reached skill level 5 in Earth Magic
 11627 | D:9      | Reached skill level 5 in Alchemy
 11756 | D:10     | Entered Level 10 of the Dungeon
 11764 | D:10     | Reached XP level 11. HP: 77/81 MP: 12/22
 11851 | D:10     | Found a hazy altar of Hepliaklqana.
 12071 | D:10     | You fall into a shaft and drop 1 floor!
 12259 | D:10     | Found a flagged portal.
 12270 | Bailey   | Entered a bailey
 12587 | Bailey   | Reached skill level 7 in Short Blades
 12603 | Bailey   | Reached ** piety under Vehumet
 12735 | Bailey   | Found an iron altar of Okawaru.
 12823 | D:10     | Offered knowledge of Freeze by Vehumet.
 12981 | D:10     | Found a staircase to the Lair.
 13370 | D:10     | Noticed a two-headed ogre
 13385 | D:10     | Killed a two-headed ogre
 13627 | D:10     | Found a staircase to the Orcish Mines.
 14024 | D:11     | Noticed a green ugly thing
 14033 | D:11     | Killed a green ugly thing
 14410 | D:11     | Reached skill level 8 in Short Blades
 15125 | D:1      | Bought 2 potions of haste for 260 gold pieces
 15125 | D:1      | Bought a potion of berserk rage for 65 gold pieces
 15125 | D:1      | Bought a potion of cancellation for 104 gold pieces
 15166 | D:1      | Bought a ring of see invisible for 195 gold pieces
 15166 | D:1      | Bought a ring of resist corrosion for 260 gold pieces
 15226 | D:2      | Bought a ring of protection from cold for 325 gold pieces
 15363 | Lair:1   | Entered Level 1 of the Lair of Beasts
 15366 | Lair:1   | Offered knowledge of Momentum Strike by Vehumet.
 15547 | Lair:1   | Noticed Jeremiah
 15569 | Lair:1   | Noticed Gastronok
 15570 | Lair:1   | Reached XP level 12. HP: 82/91 MP: 1/24
 15828 | Lair:1   | Killed Gastronok
 15957 | Lair:1   | Learned a level 2 spell: Momentum Strike
 16369 | Lair:1   | Paralysed by a hornet for 2 turns
 16632 | Lair:1   | Noticed a catoblepas
 16709 | Lair:1   | Killed a catoblepas
 16710 | Lair:1   | Reached skill level 9 in Short Blades
 16724 | Lair:1   | Reached *** piety under Vehumet
 17032 | Lair:1   | Found the +5 robe of Misfortune {Harm *Corrode *Slow EV+5}
 17231 | Lair:1   | Killed Jeremiah
 17603 | Lair:1   | Identified the +4 morningstar of Ascent {speed, ^Drain
                  | Str+3 SInv}
 18017 | Lair:2   | Noticed Amaemon
 18063 | Lair:2   | Noticed a skyshark
 18155 | Orc:1    | Entered Level 1 of the Orcish Mines
 18623 | Orc:2    | Entered Level 2 of the Orcish Mines
 18833 | Orc:2    | Offered knowledge of Inner Flame by Vehumet.
 19008 | Orc:2    | Noticed an ogre mage
 19081 | Orc:1    | Reached **** piety under Vehumet
 19150 | Orc:2    | Noticed a two-headed ogre
 19153 | Orc:2    | Killed an ogre mage
 19282 | Orc:2    | Killed a two-headed ogre
 19283 | Orc:2    | Reached skill level 10 in Short Blades
 19283 | Orc:2    | Reached XP level 13. HP: 66/98 MP: 14/26
 19375 | Orc:2    | Offered knowledge of Airstrike by Vehumet.
 19505 | Orc:2    | Reached skill level 10 in Conjurations
 20081 | Orc:2    | Noticed an ettin
 20710 | Lair:2   | Reached skill level 10 in Spellcasting
 20806 | Lair:2   | Reached ***** piety under Vehumet
 20810 | Lair:2   | Offered knowledge of Arcjolt by Vehumet.
 20922 | Lair:2   | Found a staircase to the Swamp.
 20955 | Lair:2   | Found a hole to the Spider Nest.
 21582 | Lair:2   | Killed Amaemon
 21783 | Lair:2   | Reached skill level 11 in Short Blades
 21830 | Lair:2   | Reached skill level 10 in Dodging
 22096 | Lair:3   | Found a gate leading to a gauntlet.
 22119 | Gauntlet | Entered a Gauntlet
 22119 | Gauntlet | Found a transporter.
 22119 | Gauntlet | Found a transporter.
 22143 | Gauntlet | Found a transporter.
 22144 | Gauntlet | Found a transporter.
 22155 | Gauntlet | Found a transporter.
 22157 | Gauntlet | Found a transporter.
 22167 | Gauntlet | Found a transporter.
 22255 | Gauntlet | Found a transporter.
 22259 | Gauntlet | Found a transporter.
 22271 | Gauntlet | Found a transporter.
 22273 | Gauntlet | Found a transporter.
 22283 | Gauntlet | Found a transporter.
 22414 | Gauntlet | Gained mutation: You occasionally shout uncontrollably at
                  | your foes. [a neqoxec]
 22752 | Gauntlet | Identified the +0 helmet of Midwinter {Will++ Str+3}
 24246 | Gauntlet | Noticed a minotaur
 24263 | Gauntlet | Slain by a minotaur

Illustrated notes

Levels and vault maps discovered:
D:1:      roadster_arrival_rocket_small, layout_loops_corners, serial_shops,
          nicolae_shop_tiny_statue_garden, nicolae_shop_bloodbath_and_beyond,
          shop, shop_statue, st_stairs_4
D:2:      layout_basic, serial_shops, nicolae_shop_hallway_plus
D:3:      layout_loops_cross, hellmonk_ecumenical_altar_zigzags
D:4:      layout_cave_pools, minmay_temple_entry_wispy, minmay_bent
D:5:      layout_gridville, minmay_misc_feat_doors
D:6:      minmay_general_purpose_star, layout_rooms,
          mainiacjoe_overflow_two_lobes, chequers_serial_rivers_room_b
D:7:      layout_rooms, serial_library_hellmonk_recessed_alcove
D:8:      layout_cave_pools, minmay_manual_maat
D:9:      layout_layer_cave, marbit_many_paths, kennysheep_mini_moat, uniq_erica
D:10:     layout_cave_pools, nicolae_hepliaklqana_hazy_memory,
          david_lair_generic, orc_0_dummy, enter_bailey_3,
          minmay_misc_feat_tower
D:11:     layout_irregular_city, david_defended_altar_orc
D:12:     layout_cave_pools, hangedman_fish_farm, uniq_rupert
Temple:   bh_familiar_temple
Lair:1:   layout_cave_pods, grunt_megastairs_5, serial_bayou_shore_a,
          uniq_gastronok, uniq_jeremiah
Lair:2:   layout_cave_pods, minmay_swamp_entry_reptiles,
          nicolae_spider_entry_tight_spaces, minmay_hedge_maze,
          infiniplex_staircase_pool_2, uniq_amaemon
Lair:3:   layout_cave_shapes, gauntlet_entry_generic, beast_lair_carwin_4
Orc:1:    layout_caves
Orc:2:    st_orc_town, layout_caves, basic_altar
Gauntlet: gammafunk_gauntlet_hard_choice [gammafunk_gauntlet_arena_chambers,
          gammafunk_gauntlet_arena_split_diamond,
          gammafunk_gauntlet_arena_crates, nicolae_gauntlet_swirl,
          nicolae_gauntlet_arena_quarters, nicolae_gauntlet_arena_grate_2,
          gauntlet_exit_watery]

Skill      XL: |  1  2  3  4  5  6  7  8  9 10 11 12 13 |
---------------+----------------------------------------+-----
Spellcasting   | 5 6 7 8 9 10 | 10.3
Invocations    | 1 2 3 4 5 6 7 8 9 |  9.8
Fighting       | 1 2 3 5 6 7 8 9 |  9.0
Short Blades   | 1 2 3 5 6 8 10 11 | 11.2
Long Blades    | 1 2 3 5 6 7 8 9 |  9.0
Axes           | 1 2 3 5 6 7 8 9 |  9.0
Maces & Flails | 1 2 3 5 6 7 8 9 |  9.0
Polearms       | 1 2 3 5 6 7 8 9 |  9.0
Staves         | 1 2 3 5 6 7 8 9 |  9.0
Ranged Weapons | 1 2 3 5 6 7 8 9 |  9.0
Throwing       | 1 2 3 5 6 7 8 9 |  9.0
Armour         | 1 2 3 5 6 7 8 9 |  9.0
Shields        | 1 2 3 5 6 7 8 9 |  9.0
Unarmed Combat | 1 2 3 5 6 7 8 9 |  9.0
Evocations     | 1 2 3 5 6 7 8 9 |  9.0
Shapeshifting  | 1 2 3 4 5 6 7 8 |  8.2
Hexes          | 1 2 3 4 5 6 7 |  7.4
Summonings     | 1 2 3 4 5 6 7 |  7.4
Necromancy     | 1 2 3 4 5 6 7 |  7.4
Translocations | 1 2 3 4 5 6 7 |  7.4
Fire Magic     | 1 2 3 4 5 6 7 |  7.4
Ice Magic      | 1 2 3 4 5 6 7 |  7.4
Air Magic      | 1 2 3 4 5 6 7 |  7.4
Earth Magic    | 1 2 3 4 5 6 7 |  7.4
Alchemy        | 1 2 3 4 5 6 7 |  7.4
Dodging        | 5 6 7 8 9 10 | 10.1
Stealth        | 5 6 7 8 9 |  9.9
Conjurations   | 8 9 10 | 10.3

Action                     |  1- 3 |  4- 6 |  7- 9 | 10-12 | 13-15 || total
---------------------------+-------+-------+-------+-------+-------++-------
  Melee: Falchion          |       |       |    38 |     2 |       ||    40
         Bite              |       |       |     5 |    10 |     6 ||    21
         Scimitar          |       |       |       |    66 |    37 ||   103
         Staff             |       |       |       |       |     1 ||     1
         Punch             |       |       |       |       |     1 ||     1
  Throw: Throwing net      |       |       |       |     2 |       ||     2
         Dart              |       |       |       |     4 |     5 ||     9
   Cast: Magic Dart        |    58 |    91 |    98 |   146 |    24 ||   417
         Searing Ray       |       |    19 |    68 |   101 |    26 ||   214
         Iskenderun's Myst |       |       |     5 |    72 |    44 ||   121
         Mephitic Cloud    |       |       |     5 |    18 |       ||    23
         Ozocubu's Armour  |       |       |       |     9 |     1 ||    10
         Freezing Cloud    |       |       |       |    33 |    43 ||    76
         Fulminant Prism   |       |       |       |     6 |     9 ||    15
         Momentum Strike   |       |       |       |     5 |     1 ||     6
  Evoke: Wand              |       |       |       |    10 |     3 ||    13
    Use: Scroll            |       |       |     9 |     3 |     2 ||    14
         Potion            |       |       |     1 |     2 |     5 ||     8
   Stab: Sleeping          |       |       |     1 |     3 |     1 ||     5
         Confused          |       |       |       |     5 |       ||     5
         Paralysed         |       |       |       |     3 |     1 ||     4
         Held in net/web   |       |       |       |     1 |       ||     1
 Armour: Robe              |    11 |    11 |   106 |   139 |    86 ||   353
  Dodge: Dodged            |    11 |    14 |    90 |   180 |    53 ||   348
  Block: Other             |       |       |       |    42 |    16 ||    58
         Reflection        |       |       |       |     6 |       ||     6
